 Dungeon Crawl Stone Soup version 0.30.1-3-gfc49f6343a (webtiles) character file.

Game seed: 9701855190731680713

37 sampeng1 the Firebug (level 3, -2/24 HPs)
             Began as a Human Fire Elementalist on July 27, 2023.
             Killed from afar by Sigmund (3 damage)
             ... with a magic dart
             ... on level 2 of the Dungeon.
             The game lasted 00:04:44 (831 turns).

sampeng1 the Firebug (Human Fire Elementalist)       Turns: 831, Time: 00:04:46

Health: -2/24      AC:  7    Str:  8    XL:     3   Next: 60%
Magic:  3/6        EV: 12    Int: 17    God:
Gold:   69         SH:  0    Dex: 13    Spells: 5/6 levels left

rFire   . . .        d - +0 dagger (drain)
rCold   . . .        (no shield)
rNeg    . . .        a - +0 robe
rPois   .            (no helmet)
rElec   .            (no cloak)
rCorr   .            g - +0 pair of gloves
SInv    .            (no boots)
Will    .....        (no amulet)
Stlth   ++           f - +4 ring of protection
HPRegen 0.24/turn    (no ring)
MPRegen 0.10/turn

%: no passive effects
@: no status effects
A: no striking features
a: no special abilities


You were on level 2 of the Dungeon.
You visited 1 branch of the dungeon, and saw 2 of its levels.

You collected 69 gold pieces.

Inventory:

Hand Weapons
 c - a +0 short sword
 d - a +0 dagger of draining (weapon)
Armour
 a - a +0 robe (worn)
 g - a +0 pair of gloves (worn)
Magical Staves
 e - a staff of conjuration
Jewellery
 f - a +4 ring of protection (left hand)
Potions
 b - a potion of magic


   Skills:
 + Level 2.4 Dodging
 + Level 2.5 Stealth
 + Level 2.3 Spellcasting
 + Level 1.6 Conjurations
 + Level 3.2 Fire Magic


You had 5 spell levels left.
You knew the following spells:

 Your Spells              Type           Power      Damage    Failure   Level
a - Foxfire               Conj/Fire      40%        2x1d6     7%          1

Your spell library contained the following spells:

 Spells                   Type           Power      Damage    Failure   Level
 Scorch                   Fire           26%        2d6       8%          2
 Inner Flame              Hex/Fire       7%         N/A       28%         3
 Volatile Blastmotes      Fire/Tloc      14%        2d11      28%         3
 Flame Wave               Conj/Fire      10%        2d6       56%         4


Dungeon Overview and Level Annotations

Branches:
Dungeon (2/15)

Altars:

Annotations:
D:2 Sigmund


Message History

You closely miss the bat. The bat closely misses you.
Found a scale mail, a mace and a falchion.
The bat misses you. The bat hits you but does no damage.
You hit the bat.
You kill the bat!
You see here a +0 mace.
Sigmund the Dreaded comes into view.
He is wielding a +0 scythe, wearing a +2 robe of willpower and carrying a wand of flame (8).
Sigmund zaps a wand.
The puff of flame hits you!
Casting: Foxfire (safe; 7% risk of failure)
Confirm with . or Enter, or press ? or * to list all spells.
You conjure some foxfire!
Your foxfire dissipates!
The foxfire hits Sigmund.
Sigmund is moderately wounded.
Sigmund casts a spell at you. The magic dart hits you.
Casting: Foxfire (safe; 7% risk of failure)
Confirm with . or Enter, or press ? or * to list all spells.
You conjure some foxfire!
Sigmund zaps a wand.
The puff of flame misses you.
Your foxfire dissipates!
The foxfire hits Sigmund but does no damage.
Sigmund is moderately wounded.
Sigmund zaps a wand.
The puff of flame hits you!
* * * LOW HITPOINT WARNING * * *
Casting: Foxfire (safe; 7% risk of failure)
Confirm with . or Enter, or press ? or * to list all spells.
You conjure some foxfire!
Sigmund mumbles some strange words.
Sigmund flickers and vanishes!
Deactivating autopickup; reactivate with Ctrl-A.
Your foxfire dissipates!
The foxfire hits something.
You hear a zap.
A puff of flame appears from out of thin air!
The puff of flame hits you.
* * * LOW HITPOINT WARNING * * *
A magic dart appears from out of thin air!
The magic dart hits you.
You die...

#...######..#
#...#######.#
#...†.......#
####...#########
#.....[...#
#....).##.#
#......##.#
###.......#
#@####### #.#
##. #.# .... #§#
..... #.##......
#.{.......
####...... .....
....


There were no monsters in sight!

Vanquished Creatures
  A dart slug (D:1)
  4 bats
  5 endoplasms (D:1)
  2 giant cockroaches
  6 goblins (D:1)
  2 hobgoblins (D:1)
  5 kobolds (D:1)
  3 ball pythons
  2 frilled lizards (D:1)
  A rat (D:1)
31 creatures vanquished.

Vanquished Creatures (others)
  27 foxfires
27 creatures vanquished.

Grand Total: 58 creatures vanquished

Notes
Turn   | Place    | Note
-------+----------+-------------------------------------------
     0 | D:1      | sampeng1 the Human Fire Elementalist began the quest for
                  | the Orb.
     0 | D:1      | Reached XP level 1. HP: 13/13 MP: 3/3
   138 | D:1      | Reached XP level 2. HP: 19/19 MP: 3/5
   360 | D:1      | Reached XP level 3. HP: 23/24 MP: 4/6
   821 | D:2      | Noticed Sigmund
   830 | D:2      | HP: 1/24 [something/puff of flame (5)]
   831 | D:2      | Killed from afar by Sigmund

Illustrated notes

Levels and vault maps discovered:
D:1:      psy_arrival_conway, layout_rooms, hangedman_decor_growths, st_stairs_3
D:2:      layout_basic, serial_shops, shop, uniq_crazy_yiuf_cottage,
          uniq_sigmund

Action                     || total
---------------------------++-------
  Melee: Short sword       ||     5
         Unarmed           ||     2
         Dagger            ||    44
   Cast: Foxfire           ||    18
    Use: Scroll            ||     1
   Stab: Sleeping          ||     3
         Distracted        ||     1
 Armour: Robe              ||    19
  Dodge: Dodged            ||    24
